 Dungeon Crawl Stone Soup version 0.29-a0-598-gd8304a5bf4 (webtiles) character file.

Game seed: 16126134457668802827

30 HoaS the Ducker (level 3, 0/17 HPs)
             Began as a Felid Berserker on June 15, 2022.
             Was a Follower of Trog.
             Slain by a worm (7 damage)
             ... on level 1 of the Dungeon.
             The game lasted 00:03:03 (1184 turns).

HoaS the Ducker (Felid Berserker)                   Turns: 1184, Time: 00:03:03

Health: 0/17       AC:  1    Str: 13    XL:     3   Next: 3%
Magic:  4/4        EV: 19    Int:  8    God:    Trog [*.....]
Gold:   104        SH:  0    Dex: 17    Spells: 2/2 levels left
                                        Lives:  0   Deaths: 0

rFire   . . .      SeeInvis +     - Unarmed
rCold   . . .      Faith    .   (shield unavailable)
rNeg    . . .      Spirit   .   (body armour unavailable)
rPois   .          Reflect  .   (helmet unavailable)
rElec   .          Harm     .   (cloak unavailable)
rCorr   .          Rampage  .   (gloves unavailable)
Will    .....                   (boots unavailable)
Stlth   ++........              (no amulet)
HPRegen 0.05/turn               (no ring)
MPRegen 0.09/turn               (no ring)

@: quick
A: very small, claws 1, fangs 3, see invisible, speed 1, shaggy fur 1, stealthy
paws, no weapons or thrown items, no armour, multi-lived
a: Renounce Religion, Berserk


You were on level 1 of the Dungeon.
You worshipped Trog.
Trog was aware of your devotion.
You visited 1 branch of the dungeon, and saw 2 of its levels.

You collected 104 gold pieces.

Inventory:

Potions
 d - a potion of attraction {unknown}
 e - 2 potions of brilliance {unknown}
 f - 2 potions of degeneration {unknown}
 h - 3 potions of invisibility {unknown}


   Skills:
 * Level 3.5 Fighting
 + Level 4.3 Dodging
 * Level 3.5 Unarmed Combat


You had 2 spell levels left.
You didn't know any spells.
Your spell library was empty.

Dungeon Overview and Level Annotations

Branches:
Dungeon (2/15)

Altars:


Innate Abilities, Weirdness & Mutations

You have sharp claws.
You have razor-sharp teeth.
You have supernaturally acute eyesight. (SInv)
You cover ground quickly. (Speed+)
You are covered in fur. (AC +1)
Your paws help you pounce on unaware monsters.
You are incapable of wielding weapons or throwing items.
You cannot wear armour.
You gain extra lives every three experience levels.


Message History

A worm comes into view.
There is a stone staircase leading up here.
You climb upwards.
There is a stone staircase leading down here.
You start resting.
HP restored.
You climb downwards.
The kobold barely misses you.
There is a stone staircase leading up here.
The kobold barely misses you. The worm misses you.
You climb upwards.
There is a stone staircase leading down here.
The kobold misses you.
You swing at nothing.
You scratch the kobold.
The kobold is severely wounded.
The kobold barely misses you.
You closely miss the kobold. Your bite misses the kobold.
The kobold is severely wounded.
You closely miss the kobold.
The kobold is severely wounded.
The kobold misses you.
You claw the kobold!
You kill the kobold!
Trog accepts your kill.
You swing at nothing.
You scratch the worm.
The worm is moderately wounded.
You scratch the worm.
The worm is moderately wounded.
The worm bites you!
Ouch! That really hurt!
You claw the worm!
The worm is severely wounded.
The worm misses you.
You barely miss the worm. You bite the worm.
The worm is almost dead.
You completely miss the worm.
The worm is almost dead.
The worm bites you!
You die...

#....# #.....# #....#
#.###.###### ##....### ♣.♣
#......#####
########>....'.#♣♣.♣♣#......'....
.......#.....#.....B...#....#####
.##....#.....###♣♣.♣♣####..######
.##.####.....### ♣÷♣ #....†...
...............###.# #..######
###.####.....#.w@..# #...)....
###.#.##.....####### #........
..#†#)##.##### ##.....<.
..'...##.# #....... ..#.####.#
#....... ....####'##
##############.###### #.........#
#...........##.......
#.........###...........#########
#.........+.............'........


You could see a worm.

Vanquished Creatures
  An adder (D:2)
  A bat (D:1)
  3 endoplasms (D:1)
  2 giant cockroaches (D:1)
  3 hobgoblins (D:1)
  3 kobolds (D:1)
  A quokka (D:1)
  2 ball pythons (D:1)
  2 frilled lizards (D:1)
  2 rats
20 creatures vanquished.

Notes
Turn   | Place    | Note
-------+----------+-------------------------------------------
     0 | D:1      | HoaS the Felid Berserker began the quest for the Orb.
     0 | D:1      | Reached XP level 1. HP: 10/10 MP: 2/2
   289 | D:1      | Reached XP level 2. HP: 9/14 MP: 3/3
   635 | D:1      | Found a faded altar of an unknown god.
  1069 | D:2      | Reached XP level 3. HP: 12/17 MP: 4/4
  1184 | D:1      | Slain by a worm

Illustrated notes

Levels and vault maps discovered:
D:1:      minmay_arrival_semitransparent, layout_basic,
          hellmonk_ecumenical_altar_lost_god, minivault_5,
          minmay_tree_intersection
D:2:      minmay_chambers_of_twos, layout_basic, minmay_vboxes

Action                   || total
-------------------------++-------
Melee: Unarmed           ||    61
       Bite              ||     7
       Punch             ||     3
  Use: Scroll            ||     5
 Stab: Sleeping          ||     1
Armor: Skin              ||     2
Dodge: Dodged            ||    47

Table legend: (Time is in decaauts)
 A = Elapsed time spent in this place.
 B = Non-inter-level travel time spent in this place.
 C = Inter-level travel time spent in this place.
 D = Time resting spent in this place.
 E = Time spent auto-exploring this place.
 F = Levels seen in this place.
 G = Mean time per level.
                   A        B        C        D        E       F      G
               +--------+--------+--------+--------+--------+-----+--------+
         Total |   1039 |    994 |     45 |    325 |    386 |   2 |  519.5 |
       Dungeon |   1039 |    994 |     45 |    325 |    386 |   2 |  519.5 |
               +--------+--------+--------+--------+--------+-----+--------+

Top non-repeatable levels by time:
     D:1: 982 daAuts
     D:2: 57 daAuts
